 Dungeon Crawl Stone Soup version 0.27-a0-965-gbf8bb431c4 (webtiles) character file.

Game seed: 16506335722243798819

466 Pooter the Chopper (level 7, -2/62 HPs)
             Began as a Hill Orc Fighter on Apr 12, 2021.
             Was an Initiate of Beogh.
             Slain by an orc priest
             ... wielding a +0 flail
              (5 damage)
             ... on level 4 of the Dungeon.
             The game lasted 00:23:46 (4199 turns).

Pooter the Chopper (Hill Orc Fighter)               Turns: 4199, Time: 00:23:46

Health: -2/62      AC:  9    Str: 21    XL:     7   Next: 8%
Magic:  7/7        EV:  5    Int:  8    God:    Beogh [......]
Gold:   46         SH:  9    Dex: 10    Spells: 6/6 levels left

rFire    . . .     SeeInvis +   a - +0 war axe
rCold    . . .     Faith    .   c - +0 kite shield
rNeg     . . .     Spirit   .   g - +0 chain mail
rPois    .         Reflect  .   (no helmet)
rElec    .         Harm     .   (no cloak)
rCorr    .         Rampage  .   (no gloves)
Will     +....                  (no boots)
Stlth    ..........             (no amulet)
HPRegen  0.20/turn              j - ring of willpower
MPRegen  0.10/turn              S - ring of see invisible

@: mighty
A: no striking features
a: Renounce Religion


You were on level 4 of the Dungeon.
You worshipped Beogh.
Beogh was noncommittal.
You visited 1 branch of the dungeon, and saw 4 of its levels.

You collected 206 gold pieces.
You spent 160 gold pieces at shops.

Inventory:

Hand Weapons
 a - a +0 war axe (weapon)
 b - a +0 hunting sling
   (You took it off a goblin on level 4 of the Dungeon)
 h - a +1 vampiric trident
   (You found it on level 3 of the Dungeon)
Missiles
 m - 2 boomerangs
 Q - 88 stones (quivered)
Armour
 c - a +0 kite shield (worn)
 g - a +0 chain mail (worn)
   (You found it on level 1 of the Dungeon)
 p - a +0 leather armour
   (You found it on level 2 of the Dungeon)
Jewellery
 j - a ring of willpower (left hand)
   (You found it on level 2 of the Dungeon)
 C - a ring of resist corrosion
   (You found it on level 3 of the Dungeon)
 S - a ring of see invisible (right hand)
   (You bought it in a shop on level 4 of the Dungeon)
Scrolls
 f - 4 scrolls of noise {!r}
 i - a scroll of vulnerability {unknown}
 k - a scroll of fear
 n - a scroll of fog {unknown}
 q - a scroll of enchant weapon {unknown}
Potions
 e - 2 potions of curing {unknown}
 l - a potion of heal wounds {unknown}
 o - a potion of invisibility {unknown}


   Skills:
 + Level 5.7 Fighting
 * Level 7.3(7.7) Axes
 + Level 2.9(4.9) Polearms
 - Level 3.3 Armour
 - Level 3.4 Shields


You had 6 spell levels left.
You didn't know any spells.
Your spell library contained the following spells:

 Spells                   Type           Power      Damage    Failure   Level
 Corona                   Hex            0%         N/A       100%        1
 Ensorcelled Hibernation  Hex/Ice        0%         N/A       100%        2
 Confusing Touch          Hex            0%         N/A       100%        3
 Dazzling Flash           Conj/Hex       0%         N/A       100%        3
 Gell's Gravitas          Tloc           0%         N/A       100%        3
 Tukima's Dance           Hex            0%         N/A       100%        3
 Petrify                  Tmut/Erth      0%         N/A       100%        4
 Metabolic Englaciation   Hex/Ice        0%         N/A       100%        5
 Yara's Violent Unravell  Hex/Tmut       0%         3d3       100%        5


Dungeon Overview and Level Annotations

Branches:
Dungeon (4/15)
 Temple: D:4-7

Altars:
Okawaru
Qazlal
Trog
Vehumet

Shops:
D:2 [(   D:4 *


Message History

You block the hound skeleton's attack.
The centaur skeleton hits you but does no damage.
The centaur skeleton kicks you but does no damage.
You feel very mighty all of a sudden.
You block the centaur skeleton's attack. x2
You slash the centaur skeleton!
Your chain mail prevents you from hitting the hound skeleton.
The hound skeleton bites you.
The centaur skeleton hits you but does no damage.
The centaur skeleton kicks you but does no damage.
The hound skeleton barely misses you. The centaur skeleton barely misses you.
The centaur skeleton kicks you but does no damage.
You slice the centaur skeleton!! You slash the hound skeleton!
You block the hound skeleton's attack.
You block the centaur skeleton's attack.
The centaur skeleton kicks you but does no damage.
The orc priest looks satisfied for a moment.
You slice the centaur skeleton!!
You destroy the centaur skeleton!
Beogh accepts your kill.
You slash the hound skeleton!
You destroy the hound skeleton!
Beogh accepts your kill.
The orc priest hits you with a +0 dagger.
You have reached level 7!
You barely miss the orc priest.
The orc priest hits you with a +0 dagger.
The orc priest calls down the wrath of Beogh upon you.
Beogh smites you!
* * * LOW HITPOINT WARNING * * *
You hear a shout!
You barely miss the orc priest. You closely miss the orc priest.
The orc priest hits you with a +0 dagger.
* * * LOW HITPOINT WARNING * * *
You block the orc priest's attack. x2
You barely miss the orc priest. x2
The orc priest looks braver for a moment.
The orc priest hits you with a +0 dagger.
* * * LOW HITPOINT WARNING * * *
The orc priest invokes the aid of Beogh against you.
Beogh smites you!
* * * LOW HITPOINT WARNING * * *
You slash the orc priest! x2
The orc priest calls upon Beogh to heal the orc priest.
The orc priest is healed somewhat.
The orc priest barely misses you.
You closely miss the orc priest. You hit the orc priest.
The orc priest miscasts a cantrip.
The orc priest hits you with a +0 flail.
You die...
Beogh appreciates the orc priest's killing of a heretic priest.

#...# ##..##
#..# # ##..#
##.o## ...#
# #...#
##..####.>.#
.# ##..#
##........#
#.# ##..#
##......?##
#.# #..#
##.......##
#. #..#
#.........
#..##
##....#####
#.@###.....#
##ooo.....##
##.......#
###.....#
#######


You could see 3 orc priests.

Vanquished Creatures
  A necrophage (D:4)
  A scorpion (D:4)
  A centaur skeleton (D:4)
  A hound (D:3)
  A jelly (D:4)
  An orc wizard (D:3)
  2 iguanas (D:4)
  A hound skeleton (D:4)
  3 adders (D:3)
  3 worms
  4 dart slugs
  5 orcs
  8 ball pythons
  4 bats
  7 endoplasms
  3 giant cockroaches
  7 goblins
  9 hobgoblins
  12 jackals
  3 quokkas (D:1)
  2 frilled lizards (D:1)
  5 kobolds
  3 rats
87 creatures vanquished.

Notes
Turn   | Place    | Note
-------+----------+-------------------------------------------
     0 | D:1      | Pooter the Hill Orc Fighter began the quest for the Orb.
     0 | D:1      | Reached XP level 1. HP: 19/19 MP: 1/1
   172 | D:1      | Reached skill level 3 in Axes
   215 | D:1      | Reached XP level 2. HP: 27/27 MP: 2/2
   515 | D:1      | Reached XP level 3. HP: 33/33 MP: 3/3
   647 | D:1      | Found a faded altar of an unknown god.
   651 | D:1      | Reached skill level 4 in Axes
   852 | D:1      | You fall into a shaft and drop 1 floor!
   853 | D:2      | Found Ulexzeorgh's Antique Weapon Shop.
  1224 | D:2      | Found Haon's Armour Emporium.
  1576 | D:1      | Reached XP level 4. HP: 39/41 MP: 4/4
  1923 | D:3      | Found a stormy altar of Qazlal.
  1924 | D:3      | Found an iron altar of Okawaru.
  2081 | D:3      | Reached skill level 5 in Axes
  2245 | D:3      | Found a radiant altar of Vehumet.
  2362 | D:3      | Found a bloodstained altar of Trog.
  2677 | D:4      | Reached skill level 1 in Polearms
  2685 | D:4      | Reached XP level 5. HP: 47/47 MP: 5/5
  2754 | D:4      | Noticed a necrophage
  2764 | D:4      | Killed a necrophage
  2765 | D:4      | Reached skill level 5 in Fighting
  2765 | D:4      | Reached skill level 6 in Axes
  2765 | D:4      | Reached XP level 6. HP: 51/56 MP: 6/6
  3376 | D:4      | Found Tonijy's Assorted Antiques.
  3391 | D:4      | Bought a bone ring for 160 gold pieces
  3758 | D:4      | Became a worshipper of Beogh the Brigand
  3899 | D:4      | Reached skill level 7 in Axes
  4195 | D:4      | Reached XP level 7. HP: 35/62 MP: 7/7
  4197 | D:4      | HP: 2/62 [orc priest/divine providence (15)]
  4199 | D:4      | Slain by an orc priest

Illustrated notes

Levels and vault maps discovered:
D:1:      dpeg_arrival_tiny_b, layout_loops_ring,
          hellmonk_ecumenical_altar_prayer_group, minmay_misc_feat_x,
          kennysheep_another_room, minmay_indecisive_spiral
D:2:      layout_basic, serial_shops, shop_coins, shop
D:3:      layout_basic, trog_book, vehumet_crystals,
          gammafunk_temple_overflow_statue, minivault_24,
          chequers_serial_rivers_small_b
D:4:      layout_layer_cave, serial_shops, nicolae_shop_statue_plus

Skill      XL: |  1  2  3  4  5  6 |
---------------+-------------------+-----
Axes           | 3 4 5 6 7 |  7.3
Fighting       | 4 5 |  5.7
Polearms       | 1 2 |  2.9
Armour         | |  3.3
Shields        | |  3.4

Action                   |  1- 3 |  4- 6 |  7- 9 || total
-------------------------+-------+-------+-------++-------
Melee: War axe           |   124 |    67 |     5 ||   196
       Trident           |       |    79 |       ||    79
 Fire: Hunting sling     |       |     7 |       ||     7
Throw: Stone             |    25 |    21 |       ||    46
       Boomerang         |       |     4 |       ||     4
Invok: Convert to Beogh  |       |     1 |       ||     1
  Use: Scroll            |       |     5 |       ||     5
       Potion            |       |     1 |       ||     1
Armor: Scale mail        |    17 |       |       ||    17
       Chain mail        |    47 |    98 |       ||   145
Dodge: Dodged            |    28 |    34 |     1 ||    63
Block: Kite shield       |    84 |    88 |     2 ||   174

Table legend: (Time is in decaauts)
 A = Elapsed time spent in this place.
 B = Non-inter-level travel time spent in this place.
 C = Inter-level travel time spent in this place.
 D = Time resting spent in this place.
 E = Time spent auto-exploring this place.
 F = Levels seen in this place.
 G = Mean time per level.
                   A        B        C        D        E       F      G
               +--------+--------+--------+--------+--------+-----+--------+
         Total |   4346 |   4180 |    166 |   1054 |   2189 |   4 | 1086.5 |
       Dungeon |   4346 |   4180 |    166 |   1054 |   2189 |   4 | 1086.5 |
               +--------+--------+--------+--------+--------+-----+--------+

Top non-repeatable levels by time:
     D:3: 1233 daAuts
     D:1: 1161 daAuts
     D:4: 1125 daAuts
     D:2: 825 daAuts
